 Dungeon Crawl Stone Soup version 0.29.1-15-g9cfb28693d (webtiles) character file.

Game seed: 14382940021019089562

184 leetdood the Stinger (level 5, -7/42 HPs)
             Began as a Naga Venom Mage on Mar 9, 2023.
             Mangled by a black bear (8 damage)
             ... on level 3 of the Dungeon.
             The game lasted 00:21:47 (3830 turns).

leetdood the Stinger (Naga Venom Mage)              Turns: 3830, Time: 00:21:50

Health: -7/42      AC:  3    Str: 10    XL:     5   Next: 64%
Magic:  8/10       EV: 10    Int: 18    God:
Gold:   101        SH:  0    Dex: 11    Spells: 4/11 levels left

rFire   x . .      SeeInvis +   (no weapon)
rCold   + . .      Faith    .   (no shield)
rNeg    . . .      Spirit   .   a - +0 robe
rPois   +          Reflect  .   (no helmet)
rElec   .          Harm     .   j - +0 cloak
rCorr   .          Rampage  .   (no gloves)
Will    .....                   (no barding)
Stlth   ++........              p - amulet of magic regeneration
HPRegen 0.14/turn               i - ring of poison resistance
MPRegen 0.52/turn               l - ring of ice

@: very slow
A: AC +1, large, see invisible, deformed body, poison resistance, slowness 2,
spit poison 1, naga tail 1
a: Spit Poison


You were on level 3 of the Dungeon.
You visited 1 branch of the dungeon, and saw 4 of its levels.

You collected 101 gold pieces.

Inventory:

Missiles
 e - 2 poisoned darts
Armour
 a - a +0 robe (worn)
 j - a +0 cloak (worn)
Jewellery
 i - a ring of poison resistance (left hand)
 l - a ring of ice (right hand)
 p - an amulet of magic regeneration (around neck)
Wands
 h - a wand of paralysis (5)
 r - a wand of roots (9)
 s - a wand of flame (17)
Scrolls
 c - a scroll of blinking
 d - 2 scrolls of identify
 f - 2 scrolls of teleportation
 k - a scroll of vulnerability {unknown}
 n - a scroll of poison {unknown}
 o - 2 scrolls of enchant armour
Potions
 b - a potion of magic
 g - a potion of degeneration
 q - a potion of haste
 t - a potion of heal wounds {unknown}


   Skills:
 + Level 1.8 Dodging
 + Level 3.2 Stealth
 + Level 3.7 Spellcasting
 + Level 2.7 Transmutations
 + Level 5.2 Poison Magic


You had 4 spell levels left.
You knew the following spells:

 Your Spells              Type           Power      Damage    Failure   Level
a - Sting                 Tmut/Pois      68%        1d6       3%          1
b - Mephitic Cloud        Conj/Pois/Air  9%         N/A       22%         3
c - Ignite Poison         Fire/Tmut/Pois 12%        N/A       16%         3

Your spell library contained the following spells:

 Spells                   Type           Power      Damage    Failure   Level
 Poisonous Vapours        Pois/Air       24%        N/A       8%          2
 Olgreb's Toxic Radiance  Pois           22%        N/A       17%         4
 Scorch                   Fire           6%         2d5       22%         2
 Conjure Flame            Conj/Fire      3%         6-21      41%         3
 Gell's Gravitas          Tloc           3%         N/A       41%         3
 Lesser Beckoning         Tloc           3%         N/A       41%         3
 Teleport Other           Tloc           3%         N/A       41%         3
 Flame Wave               Conj/Fire      3%         2d5       83%         4
 Sticky Flame             Conj/Fire      3%         2d3       83%         4
 Summon Cactus Giant      Summ           1%         N/A       100%        6


Dungeon Overview and Level Annotations

Branches:
Dungeon (4/15)
 Temple: D:4-7

Altars:
Elyvilon
Ru


Innate Abilities, Weirdness & Mutations

Your serpentine skin is tough. (AC +1)
You have supernaturally acute eyesight. (SInv)
Armour fits poorly on your strangely shaped body.
Your system is resistant to poisons. (rPois)
You cover ground very slowly.
You can spit poison.
You have a snake-like lower body.


Message History

Aiming: Sting (safe; 3% risk of failure)
Press: ? - help, Q - select action, (/) - cycle Shift-Dir - straight line, f/p - black bear
Aim: a black bear (severely wounded, very poisoned, 81% to hit)
The sting hits the black bear.
The black bear looks as sick as possible!
The black bear is severely wounded.
The black bear goes berserk!
Aiming: Sting (safe; 3% risk of failure)
Press: ? - help, Q - select action, (/) - cycle Shift-Dir - straight line, f/p - black bear
Aim: a black bear (severely wounded, berserk, extremely poisoned, 81% to hit)
The sting hits the black bear.
The black bear looks as sick as possible!
The black bear is severely wounded.
The black bear bites you! The black bear claws you.
The black bear claws you but does no damage.
Aiming: Spit Poison (1% risk of failure)
Press: ? - help, Shift-Dir - straight line, f/p - black bear
Aim: a black bear (severely wounded, berserk, extremely poisoned, 70% to hit)
The splash of poison misses the black bear.
The black bear closely misses you. The black bear claws you. x2
* * * LOW HITPOINT WARNING * * *
The black bear bites you.
* * * LOW HITPOINT WARNING * * *
The black bear completely misses you. The black bear closely misses you.
You feel better. The black bear barely misses you. The black bear claws you.
* * * LOW HITPOINT WARNING * * *
The black bear closely misses you.
Aiming: Sting (safe; 3% risk of failure)
Press: ? - help, Q - select action, (/) - cycle Shift-Dir - straight line, f/p - black bear
Aim: a black bear (almost dead, berserk, extremely poisoned, 81% to hit)
The sting hits the black bear.
The black bear looks as sick as possible!
The black bear is almost dead.
You have got your breath back.
The black bear bites you.
* * * LOW HITPOINT WARNING * * *
The black bear claws you.
* * * LOW HITPOINT WARNING * * *
The black bear barely misses you. The black bear bites you!
You die...

..#....#..###.#.........#.##.#
..#'...#....#.#..####........#
...###.#......#.........#.##.#
....####..#####[#########.##.#
..........................##.#
....####..####..############.#
...###.#..####..# #..)....#
..#†...#....##..## #.#####.#
..#.†..#.......h@# #.# #.#
..#...##..####.### #.# #.#
#.#...##.#####.# #.# #.#
#.#.####.....#.# #.# #.#
#.######.###.#.#######.### #.#
.........# #.............###.##
...#.#########.##.............#
#^............................#
#..###########.#..####.####.###


You could see a black bear (berserk, extremely poisoned).

Vanquished Creatures
  Natasha (thrice) (D:3)
  A gnoll (D:1)
  3 adders
  2 worms (D:2)
  2 dart slugs
  3 orcs (D:3)
  3 endoplasms
  4 giant cockroaches
  11 goblins
  5 hobgoblins
  5 kobolds
  A quokka (D:1)
  6 ball pythons
  6 bats
  3 frilled lizards
  6 rats
64 creatures vanquished.

Notes
Turn   | Place    | Note
-------+----------+-------------------------------------------
     0 | D:1      | leetdood the Naga Venom Mage began the quest for the Orb.
     0 | D:1      | Reached XP level 1. HP: 15/15 MP: 3/3
   254 | D:1      | Reached XP level 2. HP: 13/22 MP: 0/5
   782 | D:1      | Reached XP level 3. HP: 28/28 MP: 4/6
  1511 | D:2      | Found a sacrificial altar of Ru.
  1780 | D:2      | Reached XP level 4. HP: 36/36 MP: 8/8
  1870 | D:2      | Learned a level 3 spell: Mephitic Cloud
  1874 | D:2      | Learned a level 3 spell: Ignite Poison
  2050 | D:2      | Found a faded altar of an unknown god.
  2532 | D:3      | Reached skill level 5 in Poison Magic
  2910 | D:3      | Noticed Natasha
  2915 | D:3      | Killed Natasha
  3364 | D:3      | Noticed Natasha
  3367 | D:3      | Killed Natasha
  3368 | D:3      | Reached XP level 5. HP: 42/42 MP: 8/10
  3540 | D:3      | Noticed Natasha
  3551 | D:3      | Killed Natasha
  3745 | D:3      | Found a sacrificial altar of Ru.
  3745 | D:3      | Found a white marble altar of Elyvilon.
  3813 | D:4      | Noticed a black bear
  3815 | D:4      | Noticed a black bear
  3830 | D:3      | HP: 1/42 [black bear (2)]
  3830 | D:3      | Mangled by a black bear

Illustrated notes

Levels and vault maps discovered:
D:1:      matt_arrival_los_fun, layout_basic
D:2:      layout_basic, basic_altar, shapermc_ecumenical_altar_rom_forum,
          nicolae_kite_square_tiling_tiny, nrook_loot_triangle
D:3:      layout_basic, amethyst_overflow_temple_binary, serial_glass,
          glass_columns_a, glass_columns_a, glass_columns_a, minmay_pentangle,
          uniq_natasha
D:4:      layout_basic, nicolae_qazlal_general_emergency, serial_shops, shop,
          corexii_leaking_fountain, kennysheep_diamond

Skill      XL: |  1  2  3  4 |
---------------+-------------+-----
Poison Magic   | 5 |  5.2
Transmutations | 2 |  2.7
Spellcasting   | 3 |  3.7
Dodging        | |  1.8
Stealth        | |  3.2

Action                   |  1- 3 |  4- 6 || total
-------------------------+-------+-------++-------
 Cast: Sting             |    55 |    55 ||   110
 Abil: Spit Poison       |    18 |    28 ||    46
  Use: Scroll            |     2 |     4 ||     6
       Potion            |       |     1 ||     1
Armor: Robe              |     6 |    14 ||    20
Dodge: Dodged            |    17 |    22 ||    39
